 Dungeon Crawl Stone Soup version 0.21-a0-584-g185da8e (webtiles) character file.

1422 mortelune the Cudgeler (level 8, 0/63 HPs)
             Began as a Demonspawn Abyssal Knight on Dec 20, 2017.
             Was a Priest of Lugonu.
             Slain by an ogre
             ... wielding a +0 giant spiked club
              (23 damage)
             ... on level 6 of the Dungeon on Dec 21, 2017.
             The game lasted 00:23:25 (5576 turns).

mortelune the Cudgeler (Demonspawn Abyssal Knight)  Turns: 5576, Time: 00:23:26

Health: 0/63       AC: 13    Str: 14    XL:     8   Next: 44%
Magic:  12/12      EV:  9    Int: 15    God:    Lugonu [***...]
Gold:   223        SH:  0    Dex: 12    Spells: 7/7 levels left

rFire    . . .     SeeInvis .   A - +0 flail
rCold    + . .     Gourm    .   (no shield)
rNeg     . . .     Faith    .   v - +0 scale mail
rPois    .         Spirit   .   (helmet restricted)
rElec    .         Reflect  .   (no cloak)
rCorr    .         Harm     .   g - +2 pair of gloves
MR       .....                  (no boots)
Stlth    +.........             k - amulet of rage
HPRegen  0.20/turn              s - +4 ring of slaying
MPRegen  0.13/turn              d - ring of stealth

@: no status effects
A: antennae 1, slimy green scales 2, cold resistance 1, spiny 1
a: Depart the Abyss, Bend Space, Banish, Renounce Religion, Evoke Berserk Rage


You were on level 6 of the Dungeon.
You worshipped Lugonu.
Lugonu was most pleased with you.
You were very hungry.

You visited 1 branch of the dungeon, and saw 8 of its levels.
You visited the Abyss 1 time.
You also visited: Ossuary.

You collected 223 gold pieces.

Inventory:

Hand Weapons
 a - a +1 mace
 b - a +0 blowgun
 e - a +0 hunting sling
 A - a +0 flail (weapon)
Missiles
 w - 12 poisoned needles
Armour
 g - a +2 pair of gloves (worn)
 l - a +0 ring mail
 t - a +0 helmet
 v - a +0 scale mail (worn)
 x - a +0 leather armour
Magical Staves
 M - an uncursed staff of poison
Jewellery
 d - a ring of stealth (right hand)
 i - the amulet of Iwil {RegenMP rC+ MP-9 Int+3}
   (You found it on level 4 of the Dungeon)

   [amulet of magic regeneration]

   It increases your magic regeneration.
   It affects your intelligence (+3).
   It protects you from cold.
   It affects your magic capacity (-9).
 k - an amulet of rage (around neck)
 n - an uncursed ring of ice
 s - a +4 ring of slaying (left hand)
 H - an uncursed amulet of harm {unknown}
 K - an uncursed ring of ice
Scrolls
 f - a scroll of fog {unknown}
 m - a scroll of magic mapping
 p - 2 scrolls of random uselessness
 q - a scroll of remove curse
 r - 2 scrolls of blinking {unknown}
 u - 2 scrolls of immolation {unknown}
 y - 2 scrolls of amnesia {unknown}
 D - 2 scrolls of enchant weapon {unknown}
 E - a scroll of enchant armour {unknown}
 I - a scroll of vulnerability {unknown}
 O - a scroll of identify
Potions
 h - a potion of might
 j - a potion of degeneration {unknown}
 o - a potion of heal wounds {unknown}
 B - 3 potions of lignification {unknown}
 C - a potion of resistance {unknown}
 F - 2 potions of curing {unknown}
 G - a potion of magic
 J - a potion of mutation {unknown}
 N - a potion of haste
Books
 z - a book of Cantrips

   Spells                             Type                      Level
   a - Confusing Touch                Hexes                        1
   b - Animate Skeleton               Necromancy                   1
   c - Summon Small Mammal            Summoning                    1
   d - Apportation                    Translocation                1
 L - a book of Flames

   Spells                             Type                      Level
   a - Flame Tongue                   Conjuration/Fire             1
   b - Throw Flame                    Conjuration/Fire             2
   c - Conjure Flame                  Conjuration/Fire             3
   d - Inner Flame                    Hexes/Fire                   3
   e - Sticky Flame                   Conjuration/Fire             4
   f - Fireball                       Conjuration/Fire             5
Comestibles
 c - 10 rations


   Skills:
 + Level 5.6 Fighting
 * Level 6.5 Maces & Flails
 + Level 4.6 Armour
 - Level 0.8 Dodging
 + Level 5.6 Invocations


You had 7 spell levels left.
You didn't know any spells.

Dungeon Overview and Level Annotations

Branches:
Dungeon (8/15)
 Temple: D:4-7         Lair: D:8-11

Altars:

Annotations:
D:3 exclusion: downstairs
D:4 Edmund
Abyss:1 Erica


Innate Abilities, Weirdness & Mutations

You have a pair of small antennae on your head.
You are mostly covered in slimy green scales. (AC +3)
Your flesh is cold resistant. (rC+)
You are partially covered in sharp spines.


Message History

The ogre hits you with a giant spiked club!!
The bullfrog is struck by your spines.
The bullfrog hits you but does no damage.
You thump the ogre!
The ogre is heavily wounded.
The bullfrog hits you but does no damage.
The ogre barely misses you.
Your scale mail prevents you from hitting the ogre.
The ogre is heavily wounded.
The bullfrog closely misses you. The bullfrog is struck by your spines.
The bullfrog barely misses you.
You completely miss the ogre.
The ogre is heavily wounded.
The ogre hits you but does no damage. The bullfrog is struck by your spines.
The bullfrog hits you.
You sock the ogre!
The ogre is almost dead.
The bullfrog hits you but does no damage.
The ogre hits you with a giant spiked club!!
You die...

###'###.## ......#.
+......... .......
#.###'###.## .....= ..#
#.# #.# #.... #.# #.###.##
#...#+#####.# #...'.'.
#?..........# #####.##
+...F.......# #.#
#....@†.....#######'##
#..####..O...).......?....
#..................##..###
#...###)##.####.....).##
#. #.........+.......#
#.##.##.###.......#
.....$# .# #.......#
....#### .. #.......#
#.... #.........##


You could see an ogre and a bullfrog.

Vanquished Creatures
  A hippogriff (D:8)
  A sky beast (D:8)
  An ogre (D:6)
  A necrophage (D:4)
  A scorpion (D:3)
  3 howler monkeys
  A quasit (D:8)
  An orc priest (D:4)
  An orc wizard (D:5)
  3 centaur skeletons (D:4)
  Natasha (thrice) (D:4)
  2 worker ants (D:4)
  A killer bee zombie (D:8)
  6 adders
  An ooze (D:1)
  An adder skeleton (D:8)
  2 adder zombies (Ossuary)
  3 worms
  2 dart slugs
  A leopard gecko (D:2)
  15 orcs
  2 giant cockroaches (D:1)
  5 goblins
  10 hobgoblins
  3 jackals (D:4)
  4 quokkas
  2 ball pythons
  12 bats
  8 frilled lizards
  3 hobgoblin skeletons (Ossuary)
  A hobgoblin zombie (Ossuary)
  7 kobolds
  2 orc zombies (Ossuary)
  4 rats
114 creatures vanquished.

Vanquished Creatures (others)
  A jackal (D:4)
1 creature vanquished.

Grand Total: 115 creatures vanquished

Notes
Turn   | Place    | Note
-------+----------+-------------------------------------------
     0 | Abyss:1  | mortelune the Demonspawn Abyssal Knight began the quest for the Orb.
     0 | Abyss:1  | Reached XP level 1. HP: 18/18 MP: 2/2
     0 | D:1      | Escaped the Abyss
    46 | D:1      | Reached skill level 2 in Maces & Flails
   353 | D:1      | Gained mutation: You are partially covered in slimy green scales. (AC +2) [demonic ancestry]
   353 | D:1      | Reached XP level 2. HP: 18/24 MP: 3/3
   441 | D:1      | Reached * piety under Lugonu
   951 | D:1      | Gained mutation: You are mostly covered in slimy green scales. (AC +3) [demonic ancestry]
   951 | D:1      | Reached XP level 3. HP: 28/29 MP: 4/4
  1709 | D:2      | Reached skill level 3 in Maces & Flails
  1933 | D:2      | Reached ** piety under Lugonu
  2049 | D:2      | Reached XP level 4. HP: 35/35 MP: 5/5
  3250 | D:4      | Found a sand-covered staircase.
  3250 | D:4      | Noticed Natasha
  3258 | D:4      | Killed Natasha
  3258 | D:4      | Reached XP level 5. HP: 42/42 MP: 6/6
  3264 | Ossuary  | Entered an ossuary
  3363 | Ossuary  | Noticed a flying skull
  3363 | Ossuary  | Noticed a wraith
  3445 | Ossuary  | Noticed a flying skull
  3447 | Ossuary  | Noticed a flying skull
  3448 | Ossuary  | Noticed a flying skull
  3477 | Ossuary  | Noticed a wraith
  3510 | Ossuary  | HP: 2/42 [wraith (10)]
  3540 | D:4      | HP: 1/42 [wraith (3)]
  3893 | D:4      | Reached skill level 4 in Maces & Flails
  3927 | D:4      | Got a translucent pewter amulet
  3928 | D:4      | Identified the amulet of Iwil {RegenMP rC+ MP-9 Int+3} (You found it on level 4 of the Dungeon)
  3951 | D:4      | Reached *** piety under Lugonu
  3970 | D:4      | Noticed a necrophage
  3977 | D:4      | Killed a necrophage
  3977 | D:4      | Gained mutation: Your flesh is cold resistant. (rC+) [demonic ancestry]
  3977 | D:4      | Reached XP level 6. HP: 48/48 MP: 0/8
  4207 | D:4      | Noticed Natasha
  4242 | D:4      | Killed Natasha
  4348 | D:4      | Noticed Natasha
  4363 | D:4      | Killed Natasha
  4572 | D:4      | Noticed Edmund
  4623 | D:3      | Gained mutation: You are partially covered in sharp spines. [demonic ancestry]
  4623 | D:3      | Reached XP level 7. HP: 40/55 MP: 0/9
  4812 | D:5      | Entered Level 5 of the Dungeon
  4855 | D:5      | Reached skill level 5 in Maces & Flails
  5005 | D:5      | You fall through a shaft for 3 floors!
  5005 | D:8      | Noticed a hippogriff
  5028 | D:8      | Killed a hippogriff
  5106 | D:8      | Noticed a two-headed ogre
  5241 | D:8      | Noticed Erica
  5242 | D:8      | Banished Erica
  5242 | D:8      | Reached skill level 5 in Fighting
  5242 | D:8      | Reached skill level 6 in Maces & Flails
  5242 | D:8      | Reached skill level 5 in Invocations
  5242 | D:8      | Gained mutation: You have a pair of small antennae on your head. [demonic ancestry]
  5242 | D:8      | Reached XP level 8. HP: 62/62 MP: 11/11
  5576 | D:6      | Slain by an ogre

Vault maps used:
D:1:      shiori_arrival_oz, serial_glass, glass_columns_b, glass_columns_a,
          minmay_tromino_i4
D:2:      st_stairs_7
D:4:      chequers_ossuary_entry_cave, uniq_edmund, uniq_natasha
D:5:      first_ration, serial_shops, kennysheep_mini_moat,
          hangedman_abyss_or_decor_lesser_grid
D:6:      minmay_door_square
D:7:      elyvilon_altar_3, minmay_temple_entry_crystal_x
D:8:      grunt_temple_overflow_gold_and_silver, lemuel_doored_altar,
          nicolae_gozag_cash_rules_everything_around_me, uniq_erica
Ossuary:  ossuary_due_cavern

Skill      XL: |  1  2  3  4  5  6  7 |
---------------+----------------------+-----
Maces & Flails | 2 3 4 6 |  6.5
Armour         | 2 3 4 |  4.6
Fighting       | 4 5 |  5.6
Invocations    | 3 5 |  5.6
Dodging        | |  0.8

Action                   |  1- 3 |  4- 6 |  7- 9 || total
-------------------------+-------+-------+-------++-------
Melee: Mace              |   181 |    49 |       ||   230
       Flail             |       |   112 |    59 ||   171
Invok: Depart the Abyss  |     1 |       |       ||     1
       Bend Space        |       |     2 |       ||     2
       Banish            |       |       |     1 ||     1
  Use: Scroll            |       |     9 |     1 ||    10
       Potion            |       |     4 |       ||     4
 Stab: Sleeping          |     1 |       |       ||     1
  Eat: Chunk             |     4 |     4 |     3 ||    11
       Ration            |       |     1 |       ||     1
Armor: Leather armour    |    82 |       |       ||    82
       Ring mail         |    43 |    26 |       ||    69
       Scale mail        |       |    72 |    47 ||   119
Dodge: Dodged            |   141 |   116 |    34 ||   291

Table legend:
 A = Spawn XP
 B = Non-spawn XP
 C = Spawn XP percentage of total XP
 D = Spawn monster count
 E = Non-spawn monster count
 F = Spawn count percentage of total count
 G = Total turns spent on level
                    A         B        C        D         E        F      G
               +---------+---------+-------+---------+---------+-------+---------
         Total |       0 |    2032 |   0.0 |       0 |     115 |   0.0 |  5576
               +---------+---------+-------+---------+---------+-------+---------
           D:1 |       0 |      51 |   0.0 |       0 |      28 |   0.0 |  1306
           D:2 |       0 |      68 |   0.0 |       0 |      24 |   0.0 |  1148
           D:3 |       0 |     128 |   0.0 |       0 |      16 |   0.0 |  1187
           D:4 |       0 |     480 |   0.0 |       0 |      20 |   0.0 |   896
           D:5 |       0 |      54 |   0.0 |       0 |       5 |   0.0 |   193
           D:6 |       0 |     250 |   0.0 |       0 |       6 |   0.0 |   124
           D:8 |       0 |     984 |   0.0 |       0 |       8 |   0.0 |   425
       Ossuary |       0 |      17 |   0.0 |       0 |       8 |   0.0 |   275
               +---------+---------+-------+---------+---------+-------+---------
